[Event "Sabato rapido!"]
[Site "Chess.com"]
[Date "2020.05.09"]
[Round "1"]
[White "SanSecondoPR"]
[Black "markk000"]
[Result "0-1"]
[WhiteElo "1246"]
[BlackElo "1518"]
[TimeControl "720+3"]
[EndTime "6:12:45 PDT"]
[Termination "markk000 ha vinto per abbandono"]

1. e4 c5 2. Nf3 Nc6 3. d4 cxd4 4. Nxd4 g6 5. c3 Bg7 6. Nd2 Nf6 7. Bd3 O-O 8. N4b3 d6 9. O-O Bg4 10. Qe1 Ne5 11. Bb1 Rc8 12. Kh1 Be6 13. f4 Nc4 14. Bd3 Nxd2 15. Bxd2 Qb6 16. f5 Bxb3 17. axb3 Qxb3 18.
Rb1 Nd7 19. h4 Ne5 20. Be2 Qc2 21. h5 Qxe4 22. Rf4 Qc2 23. Rc4 Nxc4 24. Bxc4 Rxc4 25. Rc1 Qxf5 26. Kg1 Qxh5 27. Qxe7 Rh4 28. Bg5 Rh1+ 29. Kf2 Rxc1 30. Bxc1 Qf5+ 31. Kg1 Qc2 32. Be3 Qxb2 33. c4 Qe2 34. Qe4 Be5 35. Qf3 Qxf3 0-1

[Event "Sabato rapido!"]
[Site "Chess.com"]
[Date "2020.05.09"]
[Round "1"]
[White "fausto2p"]
[Black "Mrtre7"]
[Result "0-1"]
[WhiteElo "1092"]
[BlackElo "1464"]
[TimeControl "720+3"]
[EndTime "6:14:41 PDT"]
[Termination "Mrtre7 ha vinto per scaccomatto"]

1. d4 d5 2. c4 c6 3. Nf3 e6 4. Nc3 Bb4 5. e3 dxc4 6. Bxc4 b5 7. Bd3 Nf6 8. a3 Be7 9. b4 Nbd7 10. O-O O-O 11. e4 a5 12. Bd2 axb4 13.
axb4 Rxa1 14. Qxa1 Bxb4 15. Qb2 Be7 16. h3 Bb7 17. e5 Nd5 18. Nxd5 exd5 19. Qc2 g6 20. Ra1 Nb6 21. Ra7 Ba8 22. Ra2 Nc4 23. Bxc4 dxc4 24. Ba5 Qd7 25. Nh2 Qxd4 26. Bc3 Qd5 27. Ng4 c5 28. Qc1 Qxg2# 0-1

[Event "Sabato rapido!"]
[Site "Chess.com"]
[Date "2020.05.09"]
[Round "1"]
[White "pedrak"]
[Black "Luca090267"]
[Result "1-0"]
[WhiteElo "1709"]
[BlackElo "1366"]
[TimeControl "720+3"]
[EndTime "6:21:42 PDT"]
[Termination "pedrak ha vinto per abbandono"]

1. d4 Nf6 2. Nf3 g6 3. h3 Bg7 4. Bf4 O-O 5. e3 d6 6. Be2 c5 7.
c3 cxd4 8. exd4 Nc6 9. O-O a6 10. Nbd2 b5 11. a3 Bb7 12. Re1 Qc7 13. Bd3 Rac8 14. Nb3 Qb6 15. Qd2 Na5 16. Nxa5 Qxa5 17. Rxe7 Bxf3 18. gxf3 Nd5 19. Re2 Nxf4 20. Qxf4 Qc7 21.
Rae1 Qd7 22. Qg4 f5 23. Qf4 Bf6 24. Re6 Rcd8 25. h4 Kg7 26. Kg2 Rf7 27. Qg3 Re7 28.
Bxf5 Rxe6 29. Bxe6 Qe7 30. h5 g5 31. f4 h6 32. fxg5 hxg5 33. f4 Kh6 34. fxg5+ Bxg5 35. Bg4 Qf8 36. Re6+ Kh7 37. Qd3+ Kh8 38. Qg6 Qg8 39. Rxd6 Rxd6 40. Qxd6 Qd8 41. Qe5+ Bf6 42. Qe6 Qe7 43. Kf3 Bg5 44. Qxe7 Bxe7 45. b3 Bxa3 46. Ke4 a5 47.
Ke5 b4 48. cxb4 axb4 49. d5 Kg7 50. Ke6 Kf8 51. Kd7 Bb2 52. d6 Kf7 53. Kc8 Bd4 54. d7 1-0

[Event "Sabato rapido!"]
[Site "Chess.com"]
[Date "2020.05.09"]
[Round "1"]
[White "sergiodone"]
[Black "OMatteoWuO"]
[Result "1-0"]
[WhiteElo "1498"]
[BlackElo "1182"]
[TimeControl "720+3"]
[EndTime "6:27:50 PDT"]
[Termination "sergiodone ha vinto per abbandono"]

1. e4 c5 2. Nf3 Nc6 3. d4 cxd4 4. Nxd4 Nf6 5. Nxc6 bxc6 6. e5 Qa5+ 7. Nc3 Qxe5+ 8. Be2 d6 9. O-O e6 10. Re1 Qa5 11.
Bf3 Qc7 12. g3 Be7 13. b3 e5 14. Bb2 Be6 15. a4 d5 16. Qe2 e4 17. Bg2 O-O 18.
h3 h6 19. Qe3 Nh7 20. Nd1 Bg5 21. Qe2 f5 22. h4 Bf6 23. Qe3 Bxb2 24. Nxb2 f4 25. gxf4 Rxf4 26. Qg3 Raf8 27. Nd3 R4f7 28. Ne5 Rf6 29. c4 g5 30. cxd5 Bxd5 31. Ng4 Qxg3 32.
fxg3 Re6 33. h5 Bxb3 34. Re3 Bd5 35. a5 a6 36. Rb1 Kg7 37. Rb6 Nf6 38. Nxf6 Rfxf6 39. Rxa6 Rf8 40. Ra7+ Kh8 41. Bh3 Ref6 42. Bg2 g4 43.
Rc7 R8f7 44. Rxf7 Rxf7 45. Bxe4 Bxe4 46. Rxe4 Ra7 47. Rxg4 Rxa5 48. Rg6 Rxh5 49. Rxc6 Rg5 50. Kg2 Kg7 51. Kh3 Kf7 52. Kh4 Kg7 53. g4 Kf7 54. Rxh6 Rd5 55. Rb6 Kf8 56. g5 Kf7 57. Kh5 Kg8 58. Rb7 Rc5 59. Kh6 Rc6+ 60. g6 Kf8 61. Kh7 1-0

[Event "Sabato rapido!"]
[Site "Chess.com"]
[Date "2020.05.09"]
[Round "2"]
[White "sergiodone"]
[Black "pedrak"]
[Result "0-1"]
[WhiteElo "1494"]
[BlackElo "1715"]
[TimeControl "720+3"]
[EndTime "6:34:17 PDT"]
[Termination "pedrak ha vinto per scaccomatto"]

1. e4 d5 2. exd5 Qxd5 3. c4 Qe5+ 4. Be2 c6 5. d4 Qc7 6. Nc3 Bf5 7. h3 e6 8. g4 Bg6 9. h4 h6 10. h5 Bh7 11. Nf3 Bb4 12. Be3 Ne7 13. O-O Bxc3 14.
bxc3 Nd7 15. Qd2 Nf6 16. Ne5 Ne4 17. Qc1 f6 18. Nf3 Ng5 19. Nxg5 hxg5 20. f4 Be4 21. fxg5 Qg3# 0-1

[Event "Sabato rapido!"]
[Site "Chess.com"]
[Date "2020.05.09"]
[Round "2"]
[White "Luca090267"]
[Black "OMatteoWuO"]
[Result "1-0"]
[WhiteElo "1379"]
[BlackElo "1174"]
[TimeControl "720+3"]
[EndTime "6:39:22 PDT"]
[Termination "Luca090267 ha vinto per abbandono"]

1. e4 c5 2. Nc3 Nc6 3. g3 d6 4.
Bg2 Nf6 5. d3 e6 6. f4 g6 7. Nf3 Bg7 8. O-O O-O 9. h3 Nd7 10.
g4 f5 11. exf5 exf5 12. g5 Re8 13. Re1 Nf8 14. Nd5 Be6 15. Nd2 Bd4+ 16. Kh2 Bxd5 17. Bxd5+ Kh8 18. c3 Bg7 19. Nc4 h6 20. h4 hxg5 21.
hxg5 Ne6 22. Rxe6 Rxe6 23. Bxe6 Qe7 24. Qe1 Ne5 25. Qh4+ Bh6 26. Qxh6+ Qh7 1-0

[Event "Sabato rapido!"]
[Site "Chess.com"]
[Date "2020.05.09"]
[Round "2"]
[White "markk000"]
[Black "ottovolante"]
[Result "1-0"]
[WhiteElo "1519"]
[BlackElo "1007"]
[TimeControl "720+3"]
[EndTime "6:42:35 PDT"]
[Termination "markk000 ha vinto per abbandono"]

1. d4 e6 2. c4 Nf6 3. Nc3 a6 4. Nf3 d5 5. Bg5 h6 6. Bh4 Bb4 7. a3 Bxc3+ 8. bxc3 O-O 9. e3 Nbd7 10.
Bd3 Qe8 11. O-O c6 12. Re1 Nb6 13. Bxf6 gxf6 14. c5 Nd7 15. Nd2 f5 16. Qh5 Kh7 17.
c4 Nf6 18. Qe2 Rg8 19. cxd5 cxd5 20. Nf3 Bd7 21. Ne5 Bb5 22. Bxb5 axb5 23. Rab1 Rxa3 24. Qxb5 Qxb5 25. Rxb5 Ra7 26. Nxf7 Rga8 27. h3 Ra1 28. Rxa1 Rxa1+ 29. Kh2 Ra7 30. Rb6 Ne4 31. f3 Nc3 32.
Rxe6 Kg7 33. Nxh6 f4 34. exf4 Nb5 35. Nf5+ Kf7 36. Re5 Nc3 37. Nd6+ Kf6 38. Ne8+ Kg6 39. Nc7 b6 40. cxb6 Ra5 41. b7 1-0

[Event "Sabato rapido!"]
[Site "Chess.com"]
[Date "2020.05.09"]
[Round "2"]
[White "Mrtre7"]
[Black "crippo"]
[Result "0-1"]
[WhiteElo "1441"]
[BlackElo "1478"]
[TimeControl "720+3"]
[EndTime "6:52:11 PDT"]
[Termination "crippo ha vinto per abbandono"]

1. d4 d5 2. c4 c6 3. Nf3 Nf6 4. e3 e6 5. Bd3 Bb4+ 6. Nc3 O-O 7.
O-O Bxc3 8. bxc3 Ne4 9. cxd5 cxd5 10. c4 Nc6 11. Ba3 Re8 12. cxd5 exd5 13. Qc2 Bg4 14.
Nd2 Rc8 15. Qb2 Qg5 16. Nxe4 dxe4 17. Be2 Bh3 18. g3 Bxf1 19. Bxf1 b6 20. Rd1 Qd5 21. Rc1 Na5 22. Ba6 Rxc1+ 23. Qxc1 Qxa2 24. Bd6 Qe6 25. Be5 f6 26. Bc7 Kh8 27. Qc3 Qd5 28. Qb4 h6 29. Bb5 Rc8 30. Bd6 Qf5 31. Qa4 Qf3 32. Bf1 Qf5 33. Bb5 Rc1+ 34. Kg2 Qf3+ 35. Kh3 Rc8 36. Qa2 g5 37. Qf7 g4+ 38. Kh4 Qf5 39.
Qh5 Qxh5+ 40. Kxh5 Nb7 41. Bf4 f5 42. Bxh6 Nd6 43.
Bd7 Rc7 44. Be6 a5 45. d5 a4 46. Bf4 Rh7+ 47. Kg6 Nb5 48. Bxf5 Rg7+ 49. Kf6 a3 50. Be5 Kg8 51. Ke6 a2 52. Bxg7 Kxg7 53. Bxe4 a1=Q 54. d6 Qa2+ 55. Ke5 Qf7 56. Bd5 Qf6+ 57. Ke4 Qxd6 58. Bc4 Nc3+ 59. Kf5 Qc5+ 0-1

[Event "Sabato rapido!"]
[Site "Chess.com"]
[Date "2020.05.09"]
[Round "3"]
[White "crippo"]
[Black "fausto2p"]
[Result "1-0"]
[WhiteElo "1481"]
[BlackElo "1088"]
[TimeControl "720+3"]
[EndTime "7:09:01 PDT"]
[Termination "crippo ha vinto per abbandono"]

1. e4 e6 2. d4 d5 3. Nf3 c5 4.
Nc3 Nc6 5. exd5 exd5 6. dxc5 Bxc5 7. Qxd5 Qe7+ 8. Ne4 Nf6 9. Qxc5 Qxe4+ 10. Be3 Nb4 11. O-O-O Nxa2+ 12. Kb1 Nb4 13. Bb5+ Nd7 14. Rhe1 Qg4 15.
Bg5+ 1-0

[Event "Sabato rapido!"]
[Site "Chess.com"]
[Date "2020.05.09"]
[Round "3"]
[White "pedrak"]
[Black "markk000"]
[Result "1-0"]
[WhiteElo "1721"]
[BlackElo "1513"]
[TimeControl "720+3"]
[EndTime "7:11:06 PDT"]
[Termination "pedrak ha vinto per scaccomatto"]

1. d4 Nf6 2. Nf3 g6 3. Bf4 Bg7 4. h3 d6 5. e3 O-O 6. Be2 Nbd7 7. O-O c5 8. c3 b6 9. Nbd2 Bb7 10. a4 Rc8 11. Qb3 cxd4 12. exd4 Re8 13. Bc4 d5 14. Bd3 Ne4 15. Rad1 Ndf6 16. Be5 Nxd2 17. Nxd2 Ne4 18. Bxg7 Kxg7 19. Rfe1 Nxd2 20. Rxd2 e6 21. Rde2 Qg5 22. a5 Rb8 23. axb6 axb6 24. Qxb6 Ba8 25. Qd6 Rb3 26. Qd7 Reb8 27. Qa4 Qd8 28. Rb1 Qc8 29. Qa2 Bc6 30. Bc2 R3b6 31. b4 Bb5 32. Re3 Bc4 33. Bb3 Ra6 34. Qb2 Rba8 35. Bxc4 Qxc4 36. Qd2 Ra2 37. Qe1 Rc2 38. Rc1 Raa2 39. Rxc2 Rxc2 40. Qa1 Ra2 41. Qb1 Rc2 42. b5 Rxc3 43. Rxc3 Qxc3 44. b6 Qc8 45. b7 Qb8 46. Qb6 Kf8 47. Qc6 Ke7 48. Qc8 Qxc8 49. bxc8=Q h5 50. f4 Kf6 51. Kf2 Kf5 52. Kf3 f6 53. g4+ hxg4+ 54. hxg4# 1-0

[Event "Sabato rapido!"]
[Site "Chess.com"]
[Date "2020.05.09"]
[Round "3"]
[White "ottovolante"]
[Black "Mrtre7"]
[Result "0-1"]
[WhiteElo "1006"]
[BlackElo "1445"]
[TimeControl "720+3"]
[EndTime "7:12:41 PDT"]
[Termination "Mrtre7 ha vinto per scaccomatto"]

1. e4 c5 2. Nc3 e6 3. Bc4 Nc6 4. Nf3 a6 5. a3 b5 6. Ba2 Nf6 7. d3 Be7 8. Ne2 d5 9. e5 Ng4 10. Bf4 g5 11. Bg3 h5 12. h3 Nh6 13. Bh2 g4 14.
hxg4 Nxg4 15. Nd2 Ncxe5 16. Bxe5 Nxe5 17. d4 Ng4 18. Nf3 cxd4 19. Qxd4 Bf6 20. Qd3 Bxb2 21.
Rb1 Bf6 22. Ned4 Qb6 23. O-O Bb7 24. Rbe1 Kd7 25. c3 h4 26. Nh2 Ne5 27. Qd1 Rag8 28. f4 Nc6 29. Rf2 Nxd4 30. cxd4 Bxd4 31. Re2 Bxf2+ 32.
Rxf2 Rh7 33. Qf3 d4 34. Qxb7+ Qxb7 35. Nf3 h3 36. Ne5+ Kd6 37. g3 Rxg3+ 38. Kf1 Qh1+ 39. Ke2 Re3+ 40. Kd2 Qe1+ 41. Kc2 Qxf2+ 42. Kb1 Re1# 0-1

[Event "Sabato rapido!"]
[Site "Chess.com"]
[Date "2020.05.09"]
[Round "3"]
[White "Luca090267"]
[Black "sergiodone"]
[Result "1-0"]
[WhiteElo "1411"]
[BlackElo "1484"]
[TimeControl "720+3"]
[EndTime "7:27:02 PDT"]
[Termination "Luca090267 ha vinto per tempo"]

1. e4 c5 2. Nc3 d6 3. g3 g6 4.
Bg2 Bg7 5. d3 Nc6 6. f4 e6 7.
Nf3 Nf6 8. O-O O-O 9. h3 a6 10.
g4 Qc7 11. a3 Rb8 12. Qe1 b5 13. Ne2 Bb7 14. c3 d5 15. f5 dxe4 16. dxe4 Nxe4 17. fxg6 fxg6 18. Qh4 e5 19. Bh6 Qe7 20. Ng5 Bxh6 21. Qxh6 Qxg5 22. Qxg5 Nxg5 23. h4 Rxf1+ 24. Rxf1 Ne6 25.
Rf6 Re8 26. Bd5 Nd8 27. Ba2 Kg7 28. Rf2 Rf8 29. Rh2 Nf4 30. Ng3 Nd3 31. b4 c4 32.
Re2 Bf3 33. Re3 Bxg4 34. Ne4 Bf5 35. Nd6 e4 36. Kg2 Nc6 37. Kg3 Nce5 38. Nxe4 Bxe4 39. Rxe4 h5 40. Bb1 Rf3+ 41. Kg2 Rf2+ 42. Kg1 Rb2 43. Bxd3 Nxd3 44. Re6 Rb3 45. Rxa6 Rxc3 46. Rb6 Rxa3 47. Rxb5 Rb3 48. Rb7+ Kh6 49. b5 c3 50. Rc7 Rxb5 51.
Rxc3 Nf4 52. Rc4 Rf5 53. Kh2 Nd3 54. Kh3 Nf2+ 55. Kg2 Ng4 56. Kg3 Ne5 57. Ra4 Kg7 58. Ra7+ Nf7 59. Rb7 Re5 60. Rb4 Kf6 61. Rb6+ Re6 62.
Rb4 Ne5 63. Rf4+ Kg7 64. Ra4 Ng4 65. Rb4 Ne3 66. Kf3 Nf5 67. Kg2 Re3 68. Rb7+ Kf6 69. Rb6+ Re6 70. Rb4 g5 71. hxg5+ Kxg5 72. Kh3 Re3+ 73.
Kh2 h4 74. Ra4 Rf3 75. Kg2 Rf4 76. Ra3 Kg4 77. Rb3 Nd4 78. Ra3 Re4 79. Ra4 Kf4 80. Kh3 Nf3 81. Ra3 Ng5+ 82. Kh2 Re2+ 83. Kg1 Re3 84. Ra4+ Ne4 85. Kh2 h3 86. Rb4 Kg4 87.
Ra4 Re2+ 88. Kh1 Kf3 89. Ra3+ Re3 90. Ra2 Ng3+ 91. Kh2 Ne2 92. Kxh3 Nf4+ 93. Kh4 Ng2+ 94. Kg5 Kg3 95. Kf5 Nh4+ 96. Kf6 Nf3 97. Ra1 Kg4 98. Ra2 Kf4 99. Ra4+ Kg3 100. Ra1 Nd4 101. Rg1+ Kf2 102. Ra1 Kf3 103. Ra2 Ke4 104. Ra1 Rf3+ 105. Ke7 Kd5 106. Ra5+ Kc4 107. Ra1 1-0

[Event "Sabato rapido!"]
[Site "Chess.com"]
[Date "2020.05.09"]
[Round "4"]
[White "OMatteoWuO"]
[Black "ottovolante"]
[Result "1-0"]
[WhiteElo "1182"]
[BlackElo "1001"]
[TimeControl "720+3"]
[EndTime "7:42:16 PDT"]
[Termination "OMatteoWuO ha vinto per scaccomatto"]

1. d4 d5 2. c4 c6 3. Nc3 Be6 4. Nf3 f6 5. e3 Bf7 6. cxd5 cxd5 7. Bb5+ Nc6 8. Bxc6+ bxc6 9. O-O e6 10. Re1 h5 11. h4 Qc7 12. b3 Bb4 13. Bb2 Ne7 14.
a3 Bd6 15. g3 Bg6 16. Rc1 Bf5 17. Nb5 Qd8 18. Nxd6+ Qxd6 19. b4 Rc8 20. Nd2 Kf7 21. e4 dxe4 22. Nxe4 Bxe4 23. Rxe4 f5 24. Qf3 g6 25. Rce1 Rhe8 26. Rxe6 Qc7 27. Qb3 Kg7 28. d5+ Kh6 29. Bc1+ Kh7 30. d6 Qb6 31. Rxe7+ Rxe7 32. Rxe7+ Kh8 33. Qf7 Qd4 34. Qh7# 1-0

[Event "Sabato rapido!"]
[Site "Chess.com"]
[Date "2020.05.09"]
[Round "4"]
[White "markk000"]
[Black "Mrtre7"]
[Result "1-0"]
[WhiteElo "1523"]
[BlackElo "1428"]
[TimeControl "720+3"]
[EndTime "7:52:03 PDT"]
[Termination "markk000 ha vinto per abbandono"]

1. d4 d5 2. c4 c6 3. Nc3 e6 4.
Nf3 dxc4 5. e3 Bb4 6. Bxc4 b5 7. Bd3 Nf6 8. O-O Nbd7 9. Bd2 Be7 10. Rc1 Bb7 11. Ne4 Rc8 12. Qc2 O-O 13. Ne5 Nxe5 14. dxe5 Nd5 15. Nc5 Ba8 16. Bxh7+ Kh8 17. Bd3 g6 18.
Bxg6 fxg6 19. Nxe6 Qe8 20. Nxf8 Bxf8 21. Bc3 Nxc3 22.
Qxc3 b4 23. Qd4 c5 24. Qh4+ Kg7 25. Qf6+ Kh7 26. Rc4 Bh6 27. Rh4 Qf8 28. Qd6 Qxd6 29.
exd6 Rd8 30. Rd1 Kg7 31. e4 Bg5 32. Rg4 Be7 33. e5 Kf7 34. f4 Bf8 35. Rh4 Bg7 36. Rh7 Be4 37. e6+ Kxe6 38. Rxg7 Rxd6 39. Rxd6+ Kxd6 40.
Rxa7 Kd5 41. Kf2 Kc4 42. Rc7 Kb5 43. Ke3 Bxg2 44. Rg7 Bd5 45. a3 bxa3 46. bxa3 c4 47. Rxg6 Bf7 48. Rg5+ Ka4 49. Rg7 Be6 50. Ra7+ Kb3 51. h4 c3 52. h5 c2 53. Kd2 Bf5 54. Rc7 Kxa3 55. Rxc2 Kb4 56. Rc1 Kb5 57. h6 Bh7 58. Ke3 Kb6 59. Kd4 Kb5 60. Ke5 Kb4 61. Kf6 Kb5 62. Kg7 Be4 63. h7 1-0

[Event "Sabato rapido!"]
[Site "Chess.com"]
[Date "2020.05.09"]
[Round "4"]
[White "fausto2p"]
[Black "Luca090267"]
[Result "0-1"]
[WhiteElo "1082"]
[BlackElo "1417"]
[TimeControl "720+3"]
[EndTime "7:52:04 PDT"]
[Termination "Luca090267 ha vinto per tempo"]

1. d4 Nf6 2. c4 g6 3. Nc3 Bg7 4. e4 d6 5. f3 O-O 6. Be3 e5 7. d5 a5 8. a3 Nbd7 9. g4 Nc5 10. Nge2 b6 11. Ng3 Bb7 12. h4 Nfd7 13. Qd2 f6 14.
Qc2 Rf7 15. O-O-O Qe7 16. Nb5 Qd8 17. h5 g5 18. Nf5 h6 19. Nxg7 Kxg7 20. Be2 Qc8 21.
Bd2 Qd8 22. f4 exf4 23. e5 Nxe5 24. Bc3 Ncd7 25. Bd3 Kh8 26. Bg6 Rg7 27. Bf5 Qb8 28. Nd4 Nxc4 29. Nc6 Qf8 30. Rde1 Ne3 31. Qd3 Nc5 32.
Qd4 Nb3+ 0-1

[Event "Sabato rapido!"]
[Site "Chess.com"]
[Date "2020.05.09"]
[Round "5"]
[White "sergiodone"]
[Black "crippo"]
[Result "1-0"]
[WhiteElo "1493"]
[BlackElo "1490"]
[TimeControl "720+3"]
[EndTime "8:00:05 PDT"]
[Termination "sergiodone ha vinto per scaccomatto"]

1. e4 e5 2. d4 exd4 3. Qxd4 Nc6 4. Qe3 d6 5. Nc3 Be7 6. Bd2 Nf6 7. h3 O-O 8. O-O-O Be6 9. Kb1 a5 10. f4 b5 11.
Bxb5 Na7 12. Ba4 c5 13. Nd5 Bxd5 14. exd5 Nxd5 15. Qf3 Nb4 16. a3 Na6 17. Ne2 Rb8 18. Ka2 Bf6 19. Bc3 Nb5 20. Bxb5 Rxb5 21. g4 Qe7 22. g5 Bxc3 23. Nxc3 Qe6+ 24. Qd5 Qg6 25. Nxb5 Qxc2 26. Qb3 Qe4 27. Qd3 Qxf4 28. Qxd6 Qc4+ 29. Ka1 Qxb5 30. h4 g6 31. h5 c4 32. hxg6 hxg6 33. Qf6 Rb8 34. Rh8# 1-0

[Event "Sabato rapido!"]
[Site "Chess.com"]
[Date "2020.05.09"]
[Round "5"]
[White "Luca090267"]
[Black "markk000"]
[Result "1-0"]
[WhiteElo "1445"]
[BlackElo "1508"]
[TimeControl "720+3"]
[EndTime "8:06:41 PDT"]
[Termination "Luca090267 ha vinto per abbandono"]

1. e4 c5 2. Nc3 Nc6 3. g3 g6 4. Bg2 Bg7 5. d3 Nf6 6. f4 d6 7. Nf3 Qb6 8. O-O c4+ 9. Kh1 cxd3 10. cxd3 O-O 11. d4 Bg4 12. e5 Bxf3 13. Bxf3 Nd7 14. Nd5 Qxd4 15. Qxd4 Nxd4 16. Nxe7+ Kh8 17. exd6 Rfe8 18.
Rb1 Rab8 19. b3 Nxf3 20. Rxf3 Bf6 21. Nd5 Re1+ 22. Kg2 Rc8 23. Rf1 Re2+ 24. Rf2 Rcc2 25. Rxe2 Rxe2+ 26. Kh3 Rxa2 27. Nxf6 Nxf6 28. Bb2 Rxb2 29.
Rxb2 Kg8 30. Rc2 1-0

[Event "Sabato rapido!"]
[Site "Chess.com"]
[Date "2020.05.09"]
[Round "5"]
[White "OMatteoWuO"]
[Black "fausto2p"]
[Result "0-1"]
[WhiteElo "1165"]
[BlackElo "1106"]
[TimeControl "720+3"]
[EndTime "8:20:46 PDT"]
[Termination "fausto2p ha vinto per scaccomatto"]

1. d4 d5 2. c4 c6 3. Nc3 Nf6 4. Nf3 dxc4 5. e3 e6 6. Bxc4 b5 7. Be2 Bb4 8. Bd2 O-O 9. a3 Be7 10. O-O Nbd7 11. Rc1 Nb6 12. b4 Bb7 13. Ne5 a5 14.
Bf3 axb4 15. axb4 Nfd5 16. Nxd5 cxd5 17. Qe2 Nc4 18. Nxc4 bxc4 19. h3 Ra2 20. Ra1 Rxa1 21. Rxa1 Qb6 22. Rb1 Ra8 23. Bc3 Ra3 24. Qb2 Rb3 25. Qc2 Rxb1+ 26. Qxb1 Bc6 27. Bd1 h6 28. Bc2 Bb5 29. Qa1 Qa6 30. Qa5 Qxa5 31. bxa5 Ba6 32. f3 f6 33. e4 Kf7 34. Kf2 g6 35. Ke3 Ba3 36. Ba4 Bc1+ 37. Ke2 f5 38. exd5 exd5 39.
Bc6 Ke6 40. Kd1 Bf4 41. Ke2 g5 42. g4 fxg4 43. hxg4 Kd6 44. Ba4 Kc7 45. Bd2 Bd6 46.
Bc1 Kb7 47. Kf2 Bc7 48. Bd2 Bd6 49. Bc3 Kc7 50. Ke2 Bb7 51. Ke3 Bf4+ 52. Ke2 Kb8 53.
Bb4 Ka7 54. Bb5 Ba6 55. Bxa6 Kxa6 56. Bc3 Bc7 57. Ke3 Bxa5 58. Bxa5 Kxa5 59. Kd2 Kb4 60. Kc2 c3 61. Kc1 Kc4 62. Kc2 Kxd4 63. Kd1 Kc4 64. Kc2 d4 65. f4 gxf4 66. g5 hxg5 67. Kc1 d3 68. Kb1 c2+ 69. Kc1 g4 70. Kd2 g3 71.
Kc1 g2 72. Kd2 f3 73. Kc1 g1=Q+ 74. Kd2 Qd1+ 75. Ke3 Qe2+ 76. Kf4 f2 77. Kg5 f1=Q 78. Kh4 Qeg2 79. Kh5 Qfh1# 0-1